 Dungeon Crawl Stone Soup version 0.20.0-8-g6b59dc7 (webtiles) character file.

37 Locuples the Sneak (level 3, -3/27 HPs)
             Began as a Vampire Assassin on May 31, 2017.
             Slain by a goblin
             ... wielding a +0 club
             ... led by Robin
              (5 damage)
             ... on level 1 of the Dungeon.
             The game lasted 00:03:56 (1274 turns).

Locuples the Sneak (Vampire Assassin)               Turns: 1274, Time: 00:03:57

Health: -3/27      AC:  3    Str: 11    XL:     3   Next: 23%
Magic:  3/3        EV: 12    Int: 13    God:
Gold:   71         SH:  0    Dex: 15    Spells: 2/2 levels left

rFire    . . .     SeeInvis +   b - +2 short sword (vamp)
rCold    + . .     Gourm    .   (no shield)
rNeg     + + .     Faith    .   c - +0 robe
rPois    +         Spirit   .   (no helmet)
rElec    .         Reflect  .   d - +0 cloak
rCorr    .         Harm     .   (no gloves)
MR       .....                  (no boots)
Stlth    +++++.....             (no amulet)
Regen    0.1/turn               (no ring)
MPRegen  0.1/turn               (no ring)

@: regenerating slowly
A: fangs 3, see invisible, unbreathing
a: Bat Form


You were on level 1 of the Dungeon.
You were thirsty.

You visited 1 branch of the dungeon, and saw 3 of its levels.

You collected 71 gold pieces.

Inventory:

Hand Weapons
 b - a +2 vampiric short sword (weapon)
Armour
 c - a +0 robe (worn)
 d - a +0 cloak (worn)
Scrolls
 f - 2 scrolls of identify {unknown}
 h - 2 scrolls of remove curse {unknown}
 j - 2 scrolls of magic mapping {unknown}
 k - a scroll of enchant weapon {unknown}
 l - 3 scrolls of recharging {unknown}
Potions
 a - 2 potions of brilliance {unknown}
 e - a potion of curing {unknown}
 g - a potion of blood
 i - a potion of haste {unknown}


   Skills:
 + Level 1.9 Fighting
 + Level 2.4 Short Blades
 - Level 1.5 Throwing
 - Level 1.1 Dodging
 + Level 7.4 Stealth


You had 2 spell levels left.
You didn't know any spells.

Dungeon Overview and Level Annotations

Branches:
Dungeon (3/15)

Altars:

Annotations:
D:2 Robin


Innate Abilities, Weirdness & Mutations

You heal slowly.
You have razor-sharp teeth.
You have supernaturally acute eyesight. (SInv)
You can survive without breathing.


Message History

A goblin comes into view. It is wielding a club.
The goblin shouts!
You hit the goblin but do no damage. Your bite misses the goblin.
The jackal bites you. The goblin barely misses you.
The goblin hits you with a club.
You barely miss the jackal.
The jackal is moderately wounded.
The jackal bites you.
* * * LOW HITPOINT WARNING * * *
The jackal bites you.
* * * LOW HITPOINT WARNING * * *
The goblin misses you. The goblin closely misses you.
You barely miss the jackal.
The jackal is moderately wounded.
The jackal closely misses you. The goblin hits you.
* * * LOW HITPOINT WARNING * * *
You puncture the jackal!
You feel better.
You kill the jackal!
The goblin hits you with a club.
You die...

############
#######.###.#
.....).....#
#.......# #.#
.#####.###.#
#>#####.###.# †#
#.###.# #.#
#.(...# .#
#..##.####.#
####.## .#
#..........# #.#
.#####.###.######
####.####
...........#######
#.......#
###.........g..g@#
#.##.##.#
.............(.†g#
#.##.##.#
........#........#
#....##.#
.................#
#..####.#
....#...#........#
#..####.#
........#........#
#.†.....#
.#..)............#
##†######
##.##...##########
#.# ##%.....#
##### #.#


You could see 3 goblins.

Vanquished Creatures
  2 dart slugs
  A leopard gecko (D:3)
  2 giant cockroaches (D:1)
  5 hobgoblins
  6 jackals
  A kobold (D:1)
  3 bats
  A frilled lizard (D:1)
  6 goblins
27 creatures vanquished.

Vanquished Creatures (others)
  4 toadstools (D:1)
4 creatures vanquished.

Grand Total: 31 creatures vanquished

Notes
Turn   | Place    | Note
-------+----------+-------------------------------------------
     0 | D:1      | Locuples the Vampire Assassin began the quest for the Orb.
     0 | D:1      | Reached XP level 1. HP: 16/16 MP: 1/1
    10 | D:1      | Reached skill level 6 in Stealth
   217 | D:1      | Reached XP level 2. HP: 22/22 MP: 2/2
   896 | D:2      | Reached skill level 7 in Stealth
   972 | D:2      | Noticed Robin
   992 | D:2      | Reached XP level 3. HP: 19/27 MP: 3/3
  1273 | D:1      | HP: 1/27 [goblin[Robin] (4)]
  1274 | D:1      | Slain by a goblin

Skill      XL: |  1  2 |
---------------+-------+-----
Stealth        | 6 7 |  7.4
Fighting       | |  1.9
Short Blades   | |  2.4
Throwing       | |  1.5
Dodging        | |  1.1

Action                   || total
-------------------------++-------
Melee: Dagger            ||     8
       Short sword       ||    58
       Bite              ||    10
       Unarmed           ||    12
 Abil: End Transformatio ||     2
       Bat Form          ||     2
 Stab: Sleeping          ||     6
Armor: Robe              ||    21
Dodge: Dodged            ||    77
